 Dungeon Crawl Stone Soup version 0.31-a0-557-g6e16503903 (webtiles) character file.

Game seed: 14744501715477812782

1680 randomguy2701 the Thaumaturge (level 8, -7/38 (41) HPs)
             Began as a Deep Elf Necromancer on Aug 16, 2023.
             Killed by divine providence
             ... invoked by Jeremiah
              (13 damage)
             ... on level 8 of the Dungeon.
             The game lasted 00:17:24 (7001 turns).

randomguy2701 the Thaumaturge (DENe)                Turns: 7001, Time: 00:17:25

HP:   -7/38 (41)    AC:  4    Str:  5    XL:     8   Next: 71%
MP:   12/24         EV: 15    Int: 23    God:
Gold: 316           SH:  0    Dex: 27    Spells: 20/27 levels left

rFire   . . .        m - +0 shortbow
rCold   . . .        (shield currently unavailable)
rNeg    . . .        a - +0 robe
rPois   .            l - +0 helmet
rElec   .            z - +0 cloak
rCorr   .            (no gloves)
SInv    .            (no boots)
Will    .....        c - amulet of the acrobat
Stlth   +++          g - +6 ring of dexterity
HPRegen 0.26/turn    v - +6 ring of dexterity
MPRegen 0.19/turn

%: acrobat
@: drained
A: no striking features
a: no special abilities


You were on level 8 of the Dungeon.
You visited 1 branch of the dungeon, and saw 7 of its levels.
You also visited: Sewer.

You collected 316 gold pieces.

Inventory:

Hand Weapons
 m - a +0 shortbow (weapon)
 y - a +3 quarterstaff of chaos
Armour
 a - a +0 robe (worn)
 j - the +3 chain mail of the Journeyman {Harm rPois Int+3}
   (You found it on level 2 of the Dungeon)

   Int+3:     It affects your intelligence (+3).
   rPois:     It protects you from poison Harm: It increases damage dealt and
   taken.
 l - a +0 helmet (worn)
 z - a +0 cloak (worn)
Jewellery
 c - an amulet of the acrobat (around neck)
 g - a +6 ring of dexterity (left hand)
 v - a +6 ring of dexterity (right hand)
 x - a ring of resist corrosion
Wands
 q - a wand of flame (26)
 C - a wand of polymorph (8)
 G - a wand of paralysis (6)
Scrolls
 e - a scroll of enchant armour {unknown}
 f - 5 scrolls of identify
 h - a scroll of enchant weapon {unknown}
 o - 2 scrolls of teleportation {unknown}
 p - a scroll of silence {unknown}
 r - 2 scrolls of fear {unknown}
 s - a scroll of revelation {unknown}
 u - 2 scrolls of noise {unknown}
 B - a scroll of blinking {unknown}
Potions
 b - a potion of magic
 d - 2 potions of brilliance
 i - a potion of haste
 k - 2 potions of heal wounds
 n - 4 potions of ambrosia
 t - a potion of degeneration {unknown}
 w - a potion of invisibility {unknown}
 A - a potion of lignification {unknown}
 E - a potion of curing {unknown}
 F - a potion of might {unknown}
Miscellaneous
 D - a phantom mirror


   Skills:
 + Level 5.0 Ranged Weapons
 + Level 3.7 Dodging
 + Level 3.6 Stealth
 + Level 10.2 Spellcasting
 + Level 0.1 Conjurations
 + Level 2.1 Summonings
 + Level 8.7 Necromancy


You had 20 spell levels left.
You knew the following spells:

 Your Spells              Type           Power      Damage    Failure   Level
a - Necrotise             Necr           100%       1d9       1%          1
b - Vampiric Draining     Necr           51%        2d9       1%          3
c - Magic Dart            Conj           48%        1d5       5%          1
d - Call Imp              Summ           42%        N/A       3%          2

Your spell library contained the following spells:

 Spells                   Type           Power      Damage    Failure   Level
 Sublimation of Blood     Necr           51%        N/A       1%          2
 Animate Dead             Necr           51%        N/A       1%          4
 Agony                    Necr           51%        N/A       4%          5
 Sandblast                Erth           22%        2d7       5%          1
 Passwall                 Tmut/Erth      9%         N/A       9%          2
 Mephitic Cloud           Conj/Pois/Air  11%        N/A       16%         3
 Stone Arrow              Conj/Erth      24%        3d8       16%         3
 Petrify                  Tmut/Erth      11%        N/A       50%         4
 Irradiate                Conj/Tmut      6%         3d13      83%         5


Dungeon Overview and Level Annotations

Branches:
Dungeon (6/15)              Sewer (visited)
 Temple: D:4-7

Altars:
Makhleb

Annotations:
D:8 Jeremiah


Message History

Confirm with . or Enter, or press ? or * to list all spells.
Aiming: Vampiric Draining (safe; 1% risk of failure)
Press: ? - help, Shift-Dir - straight line, f/p - Jeremiah
Aim: Jeremiah, wielding a +4 glaive of draining, wearing a +0 robe and carrying a wand of roots You draw life force from Jeremiah!
You feel life coursing into your body.
Jeremiah hits you with a +4 glaive of draining.
* * * LOW HITPOINT WARNING * * *
You feel drained.
Casting: Vampiric Draining (safe; 1% risk of failure)
Confirm with . or Enter, or press ? or * to list all spells.
Aiming: Vampiric Draining (safe; 1% risk of failure)
Press: ? - help, Shift-Dir - straight line, f/p - Jeremiah
Aim: Jeremiah, wielding a +4 glaive of draining, wearing a +0 robe and carrying a wand of roots (moderately wounded)
You draw life force from Jeremiah!
You feel life coursing into your body.
Jeremiah trails rainbows from their fingertips.
Jeremiah zaps a wand.
The roots erupt in riotous growth!
The grasping roots grab you!
The butterfly is unaffected.
Jeremiah is unaffected.
The butterfly is unaffected.
The grasping roots constrict you.
Casting: Vampiric Draining (safe; 1% risk of failure)
Confirm with . or Enter, or press ? or * to list all spells.
Aiming: Vampiric Draining (safe; 1% risk of failure)
Press: ? - help, Shift-Dir - straight line, f/p - Jeremiah
Aim: Jeremiah, wielding a +4 glaive of draining, wearing a +0 robe and carrying a wand of roots (heavily wounded)
You draw life force from Jeremiah!
You feel life coursing into your body.
Jeremiah shouts, "O dreadful one, destroy my foe!"
Something smites you!
* * * LOW HITPOINT WARNING * * *
The grasping roots constrict you.
* * * LOW HITPOINT WARNING * * *
The grasping roots release their grip on you.
Casting: Vampiric Draining (safe; 1% risk of failure)
Confirm with . or Enter, or press ? or * to list all spells.
Aiming: Vampiric Draining (safe; 1% risk of failure)
Press: ? - help, Shift-Dir - straight line, f/p - Jeremiah
Aim: Jeremiah, wielding a +4 glaive of draining, wearing a +0 robe and carrying a wand of roots (severely wounded)
You draw life force from Jeremiah!
You feel life coursing into your body.
Jeremiah lets out a twisted cry.
Something smites you!
You die...

#.# #..)....bF#
###.#
#########b#
#...# #b# ###b#
#.# #.# #.# #.#
#.# #b# #.#
#b###########b#
#F@bb....b....#
###############


You could see Jeremiah.

Vanquished Creatures
  Sigmund (D:4)
  A steam dragon (D:8)
  2 ice beasts (D:6)
  A centaur (D:6)
  A bullfrog (Sewer)
  5 wights (D:8)
  A howler monkey (D:5)
  A hound (D:4)
  Crazy Yiuf (D:4)
  An orc priest (D:8)
  Ijyb (D:4)
  Jessica (D:3)
  A sleepcap (D:4)
  An iguana (D:4)
  3 orc wizards
  A mummy (D:6)
  12 adders
  A white imp (D:5)
  A worm (D:6)
  3 dart slugs
  15 orcs
  12 ball pythons
  9 endoplasms
  9 giant cockroaches
  6 goblins
  3 hobgoblins
  11 jackals
  6 quokkas
  9 bats
  11 frilled lizards
  A hobgoblin zombie (D:6)
  6 kobolds
  An orc zombie (D:6)
  4 rats
143 creatures vanquished.

Vanquished Creatures (collateral kills)
  2 phantoms (D:5)
  A bullfrog (Sewer)
  A white imp (D:5)
  2 orcs
  A ball python (Sewer)
  2 quokkas (Sewer)
  A frilled lizard (Sewer)
10 creatures vanquished.

Grand Total: 153 creatures vanquished

Notes
Turn   | Place    | Note
-------+----------+-------------------------------------------
     0 | D:1      | randomguy2701 the Deep Elf Necromancer began the quest for
                  | the Orb.
     0 | D:1      | Reached XP level 1. HP: 10/10 MP: 6/6
    32 | D:1      | Reached skill level 5 in Necromancy
   178 | D:1      | Reached XP level 2. HP: 15/15 MP: 6/8
  1044 | D:2      | Reached XP level 3. HP: 19/19 MP: 7/10
  1185 | D:2      | Reached skill level 4 in Spellcasting
  1319 | D:2      | Identified the +3 chain mail of the Journeyman {Harm rPois
                  | Int+3}
  1603 | D:3      | Reached XP level 4. HP: 24/24 MP: 6/12
  1646 | D:3      | Learned a level 3 spell: Vampiric Draining
  1796 | D:3      | Reached skill level 5 in Spellcasting
  1853 | D:3      | Identified the +0 ring mail "Seumum" {SInv}
  2099 | D:3      | Noticed Jessica
  2103 | D:3      | Killed Jessica
  2293 | D:3      | Reached XP level 5. HP: 28/28 MP: 12/14
  2688 | D:4      | Noticed Sigmund
  2695 | D:4      | Killed Sigmund
  2696 | D:4      | Reached skill level 6 in Spellcasting
  2696 | D:4      | Reached XP level 6. HP: 27/32 MP: 10/17
  3000 | D:4      | Reached skill level 7 in Spellcasting
  3094 | D:4      | Noticed Ijyb
  3098 | D:4      | Killed Ijyb
  3346 | D:4      | Found a runed translucent door.
  3347 | D:4      | Noticed Crazy Yiuf
  3356 | D:4      | Killed Crazy Yiuf
  3602 | D:5      | Entered Level 5 of the Dungeon
  3628 | D:5      | Reached XP level 7. HP: 26/36 MP: 13/20
  4374 | D:5      | Learned a level 1 spell: Magic Dart
  4393 | D:5      | Learned a level 2 spell: Call Imp
  4444 | D:5      | Reached skill level 8 in Spellcasting
  5019 | D:6      | Found a burning altar of Makhleb.
  5048 | D:6      | Reached skill level 1 in Summonings
  5081 | D:6      | Found a glowing drain.
  5126 | Sewer    | Entered a sewer
  5447 | Sewer    | Reached skill level 9 in Spellcasting
  5567 | D:6      | Reached XP level 8. HP: 39/41 MP: 12/23
  5820 | D:6      | You fall into a shaft and drop 2 floors!
  5874 | D:8      | Reached skill level 1 in Ranged Weapons
  6351 | D:8      | Reached skill level 10 in Spellcasting
  6712 | D:8      | Noticed Jeremiah
  6734 | D:8      | Reached skill level 5 in Ranged Weapons
  7000 | D:8      | HP: 1/38 [constriction (3)]
  7001 | D:8      | Killed from afar by Jeremiah

Illustrated notes

Levels and vault maps discovered:
D:1:      minmay_arrival_four_houses, layout_basic, st_stairs_13,
          minmay_stone_trees_medium, minmay_tromino_v4_c
D:2:      layout_rooms, due_unseen_surprise
D:3:      layout_basic, nicolae_titane, uniq_jessica
D:4:      layout_basic, uniq_ijyb, uniq_sigmund, uniq_crazy_yiuf_cottage
D:5:      layout_loops_ring
D:6:      layout_rooms, bloody_makhleb, minmay_temple_entry_grid,
          nicolae_ossuary_entry_giza, cheibrodos_sewer_entry_sluice,
          kennysheep_generic_room_8
D:8:      layout_basic, uniq_jeremiah

Skill      XL: |  1  2  3  4  5  6  7  8 |
---------------+-------------------------+-----
Necromancy     | 5 6 7 8 |  8.7
Spellcasting   | 4 5 6 7 9 10 | 10.2
Stealth        | 3 |  3.6
Dodging        | 3 |  3.7
Summonings     | 1 2 |  2.1
Ranged Weapons | 5 |  5.0
Conjurations   | |  0.1

Action                     |  1- 3 |  4- 6 |  7- 9 || total
---------------------------+-------+-------+-------++-------
  Melee: Unarmed           |     4 |     1 |    20 ||    25
         Quarterstaff      |       |       |     2 ||     2
         Punch             |       |       |     1 ||     1
   Fire: Shortbow          |       |       |   138 ||   138
   Cast: Necrotise         |    72 |    79 |    94 ||   245
         Vampiric Draining |       |     8 |    10 ||    18
         Call Imp          |       |       |    30 ||    30
         Magic Dart        |       |       |     3 ||     3
    Use: Scroll            |       |     4 |       ||     4
         Potion            |       |       |     3 ||     3
 Armour: Robe              |     2 |     2 |    23 ||    27
  Dodge: Dodged            |    18 |    27 |   134 ||   179

Table legend: (Time is in decaauts)
 A = Elapsed time spent in this place.
 B = Non-inter-level travel time spent in this place.
 C = Inter-level travel time spent in this place.
 D = Time resting spent in this place.
 E = Time spent auto-exploring this place.
 F = Levels seen in this place.
 G = Mean time per level.
                   A        B        C        D        E       F      G
               +--------+--------+--------+--------+--------+-----+--------+
         Total |   7107 |   6747 |    360 |    156 |   4976 |   8 |  888.4 |
       Dungeon |   6636 |   6276 |    360 |    156 |   4660 |   7 |  948.0 |
         Sewer |    470 |    470 |      0 |      0 |    316 |   1 |  470.0 |
               +--------+--------+--------+--------+--------+-----+--------+

Top non-repeatable levels by time:
     D:4: 1313 daAuts
     D:8: 1206 daAuts
     D:5: 1146 daAuts
     D:1: 1032 daAuts
     D:3: 997 daAuts
     D:2: 543 daAuts
   Sewer: 470 daAuts
     D:6: 395 daAuts
